 Dungeon Crawl Stone Soup version 0.24-a0-525-g9231cdcba1 (webtiles) character file.

Game seed: 8148102024413031868

653 Gynju the Basher (level 7, 0/41 HPs)
             Began as a Gargoyle Fighter on Aug 2, 2019.
             Killed by divine providence
             ... invoked by an orc priest
              (13 damage)
             ... on level 4 of the Dungeon.
             The game lasted 00:11:06 (5730 turns).

Gynju the Basher (Gargoyle Fighter)                 Turns: 5730, Time: 00:11:06

Health: 0/41       AC: 14    Str: 21    XL:     7   Next: 54%
Magic:  0/7        EV:  5    Int:  9    God:
Gold:   181        SH: 10    Dex: 12    Spells: 6/6 levels left

rFire    + . .     SeeInvis .   a - +1 flail
rCold    . . .     Gourm    .   c - +1 shield
rNeg     + . .     Faith    .   J - +0 chain mail
rPois    ∞         Spirit   +   s - +0 helmet
rElec    +         Reflect  .   B - scarf {Spirit}
rCorr    .         Harm     .   (no gloves)
MR       .....                  (no boots)
Stlth    ..........             (no amulet)
HPRegen  0.13/turn              F - +3 ring of dexterity
MPRegen  0.10/turn              g - ring of protection from fire

@: drained, very slow
A: negative energy resistance 1, electricity resistance, unbreathing,
petrification resistance, rot immunity, AC +4
a: no special abilities


You were on level 4 of the Dungeon.
You were not hungry.

You visited 1 branch of the dungeon, and saw 4 of its levels.
You also visited: Sewer.

You collected 181 gold pieces.

Inventory:

Hand Weapons
 a - a +1 flail (weapon)
Missiles
 e - 2 boomerangs
 p - 29 poisoned darts (quivered)
 G - 7 curare-tipped darts
Armour
 c - a +1 shield (worn)
 s - a +0 helmet (worn)
 B - a scarf of spirit shield (worn)
 J - a +0 chain mail (worn)
Jewellery
 g - a ring of protection from fire (right hand)
 F - a +3 ring of dexterity (left hand)
Scrolls
 j - a scroll of enchant weapon
 k - a scroll of enchant armour
 o - 3 scrolls of teleportation
 q - 5 scrolls of remove curse
 r - 5 scrolls of identify {unknown}
 y - a scroll of magic mapping {unknown}
 C - a scroll of random uselessness {unknown}
 H - a scroll of fear {unknown}
Potions
 d - a potion of might
 h - a potion of invisibility {unknown}
 m - a potion of degeneration {unknown}
 t - 2 potions of brilliance {unknown}
 u - a potion of curing {unknown}
 v - a potion of cancellation {unknown}
 x - a potion of lignification {unknown}
 z - 2 potions of heal wounds
 A - a potion of resistance {unknown}
 D - a potion of haste {unknown}
 E - a potion of magic {unknown}
Comestibles
 b - 3 chunks of flesh
 f - 7 rations


   Skills:
 - Level 3.2(2.5) Fighting
 + Level 8.2(7.3) Maces & Flails
 - Level 3.2(2.5) Armour
 - Level 3.2(2.5) Shields


You had 6 spell levels left.
You didn't know any spells.
Your spell library contained the following spells:

 Spells                   Type           Power        Failure   Level  Hunger
 Corona                   Hex            #......      100%        1    ##.....
 Ensorcelled Hibernation  Hex/Ice        #.....       100%        2    ###....
 Confuse                  Hex            #.......     100%        3    ####...
 Dazzling Spray           Conj/Hex       #.....       100%        3    ####...
 Tukima's Dance           Hex            #.......     100%        3    ####...


Dungeon Overview and Level Annotations

Branches:
Dungeon (4/15)
 Temple: D:4-7

Altars:
Beogh

Annotations:
D:3 3 runed translucent doors, P0WERM0DE's ghost, amateur MiFi


Innate Abilities, Weirdness & Mutations

You are resistant to torment.
Your stone body is resilient. (AC +4)
You are immune to poison.
You resist negative energy. (rN+)
You are resistant to electric shocks. (rElec)
You can survive without breathing.
You are immune to petrification.
You are immune to rotting.


Message History

A puff of flame appears from out of thin air!
The puff of flame hits you. You resist.
The orc priest hits you but does no damage.
Your unstable footing causes you to fumble your attack.
Something hits you but does no damage.
The orc priest hits you but does no damage.
The orc priest looks encouraged for a moment.
Something hits you.
You thump something!
Reactivating autopickup.
You feel a bit more experienced.
The orc priest casts a cantrip, but nothing happens.
You enter the shallow water.
Moving in this stuff is going to be slow.
You feel less confused.
The orc priest mumbles some strange prayers to Beogh against you.
Beogh smites you!
The orc priest calls down the wrath of Beogh upon you.
Beogh smites you!
You die...

#..################.#
##..##..............O####
###.<.##.#.....###..##.....
...............#.......##o####
#######≈P≈≈≈≈.≈.........≈...o....
#≈≈≈≈≈≈≈≈≈≈≈≈≈≈.≈≈≈≈.≈P≈.≈P..≈...
≈≈≈≈≈≈≈≈≈≈≈≈≈≈≈≈P≈≈≈≈≈≈P≈≈P≈≈≈..
#≈≈≈≈P≈≈≈≈≈≈≈≈≈≈≈≈≈≈≈≈≈≈≈≈.≈o.
####≈.P.≈≈≈≈≈≈@≈≈PP≈≈≈≈≈≈≈≈≈≈≈≈
#...≈....≈..≈.≈..P≈≈≈≈≈≈≈≈≈≈≈≈≈
##.............)o[.[≈.≈≈P≈P≈≈≈≈≈
##..#.#....#.####...[....≈≈≈≈≈≈≈≈
...##.#....#.# #...###....≈.≈.P≈
.#.##.#.#..#)####..=##..##....≈.≈
.#.##.#.#..<...............#...≈≈
.#.##............................
.#.####.##.................#.##..


You could see an orc priest.

Vanquished Creatures
  3 ogres
  An orc priest (D:4)
  Terence (D:2)
  3 orc wizards (D:4)
  2 worker ants (D:4)
  6 adders
  An adder skeleton (D:4)
  4 worms
  5 leopard geckos
  17 orcs
  7 ball pythons
  16 bats
  5 giant cockroaches
  12 goblins
  15 hobgoblins
  17 jackals
  10 kobolds
  A quokka (D:2)
  A ball python skeleton (D:4)
  9 frilled lizards
  2 rats (D:3)
138 creatures vanquished.

Vanquished Creatures (others)
  2 plants (D:4)
2 creatures vanquished.

Grand Total: 140 creatures vanquished

Notes
Turn   | Place    | Note
-------+----------+-------------------------------------------
     0 | D:1      | Gynju the Gargoyle Fighter began the quest for the Orb.
     0 | D:1      | Reached XP level 1. HP: 14/14 MP: 1/1
    63 | D:1      | Reached XP level 2. HP: 16/19 MP: 2/2
   180 | D:1      | Reached skill level 3 in Maces & Flails
   459 | D:1      | Reached XP level 3. HP: 7/23 MP: 3/3
  1057 | D:2      | Reached skill level 4 in Maces & Flails
  1186 | D:2      | Reached XP level 4. HP: 28/28 MP: 4/4
  1414 | D:2      | Noticed Terence
  1427 | D:2      | Killed Terence
  1705 | D:2      | Reached skill level 5 in Maces & Flails
  1747 | D:2      | Reached XP level 5. HP: 29/32 MP: 5/5
  2427 | D:3      | Found a glowing drain.
  2445 | Sewer    | Entered a sewer
  3609 | D:3      | Found a runed translucent gate.
  3610 | D:3      | Found a runed translucent gate.
  3610 | D:3      | Noticed P0WERM0DE's ghost (amateur MiFi)
  3611 | D:3      | Found a roughly hewn altar of Beogh.
  3611 | D:3      | Found a runed translucent gate.
  3625 | D:3      | Identified the +1 ring mail of Ahossius {rElec Stlth+}
  3737 | D:3      | Reached skill level 6 in Maces & Flails
  3859 | D:3      | Reached XP level 6. HP: 37/37 MP: 6/6
  4309 | D:4      | Reached skill level 7 in Maces & Flails
  4650 | D:4      | Reached XP level 7. HP: 41/41 MP: 7/7
  5490 | D:4      | Reached skill level 8 in Maces & Flails
  5730 | D:4      | Killed from afar by an orc priest

Levels and vault maps discovered:
D:1:      minmay_arrival_up_and_down, layout_rooms
D:2:      layout_loops_corners, minmay_goblin_kobold_house, uniq_terence
D:3:      layout_basic, cheibrodos_sewer_entry_drain, biasface_ghost_orc_armoury
D:4:      layout_loops_cross, minmay_temple_entry_nine_rooms, first_ration,
          chequers_big_river

Skill      XL: |  1  2  3  4  5  6  7 |
---------------+----------------------+-----
Maces & Flails | 3 4 5 6 7 8 |  8.2
Fighting       | |  3.2
Armour         | |  3.2
Shields        | |  3.2

Action                   |  1- 3 |  4- 6 |  7- 9 || total
-------------------------+-------+-------+-------++-------
Melee: Flail             |   189 |   456 |    76 ||   721
Throw: Dart              |       |    11 |       ||    11
  Use: Scroll            |       |       |     6 ||     6
  Eat: Chunk             |     1 |    13 |     3 ||    17
Armor: Scale mail        |   146 |   299 |     1 ||   446
       Chain mail        |       |       |    46 ||    46
Dodge: Dodged            |    75 |   165 |     8 ||   248
Block: Shield            |   138 |   246 |    25 ||   409

Table legend:
 A = Non-vault XP
 B = Vault XP
 C = Vault XP percentage of total XP
 D = Non-vault monster count
 E = Vault monster count
 F = Vault count percentage of total count
                 A         B        C        D         E       F
            +---------+---------+-------+---------+---------+-------
      Total |     851 |      83 |   8.9 |     116 |      22 |  15.9
            +---------+---------+-------+---------+---------+-------
        D:1 |      57 |       0 |   0.0 |      28 |       0 |   0.0
        D:2 |      90 |      40 |  30.8 |      29 |       3 |   9.4
        D:3 |     216 |       8 |   3.6 |      37 |       3 |   7.5
        D:4 |     488 |       0 |   0.0 |      22 |       0 |   0.0
      Sewer |       0 |      35 | 100.0 |       0 |      16 | 100.0
            +---------+---------+-------+---------+---------+-------
